 Dungeon Crawl Stone Soup version 0.19.4-8-ga85b6b9 (webtiles) character file.

947 LORDOFBUTT the Cleaver (level 8, -3/58 HPs)
             Began as a Formicid Fighter on Feb 11, 2017.
             Killed from afar by an orc wizard (4 damage)
             ... with a puff of flame
             ... on level 4 of the Dungeon.
             The game lasted 00:05:00 (3615 turns).

LORDOFBUTT the Cleaver (Formicid Fighter)           Turns: 3615, Time: 00:05:01

Health: -3/58      AC:  8    Str: 22    XL:     8   Next: 35%
Magic:  8/8        EV:  8    Int:  7    God:
Gold:   204        SH:  9    Dex: 12    Spells: 0 memorised, 7 levels left

rFire  . . .     SeeInvis +     g - +0 hand axe (curse)
rCold  . . .     Gourm    .     j - -1 scale mail (curse)
rNeg   . . .     Faith    .     c - +0 shield
rPois  .         Spirit   .     (helmet unavailable)
rElec  .         Reflect  .     (no cloak)
rCorr  .         Harm     .     m - +1 pair of gloves (curse)
MR     .....                    (no boots)
Stlth  ..........               (no amulet)
                                (no ring)
                                f - ring of loudness (curse)

@: no status effects
A: permanent stasis, dig shafts and tunnels, four strong arms, antennae 3
a: Dig, Shaft Self


You were on level 4 of the Dungeon.
You were not hungry.

You visited 1 branch of the dungeon, and saw 4 of its levels.

You collected 204 gold pieces.

Inventory:

Hand Weapons
 a - a +1 war axe
 g - a cursed +0 hand axe (weapon)
Armour
 b - a +0 scale mail
 c - a +0 shield (worn)
 j - a cursed -1 scale mail (worn)
 m - a cursed +1 pair of gloves (worn)
Jewellery
 f - a cursed ring of loudness (left hand)
Wands
 d - a wand of polymorph (0/24)
 l - a wand of polymorph (13/24)
Potions
 n - a potion of berserk rage
Comestibles
 h - a meat ration
 i - 2 royal jellies
 q - a bread ration
 r - a chunk of flesh


   Skills:
 - Level 3.2 Fighting
 + Level 9.3 Axes
 - Level 3.2 Armour
 - Level 3.6 Shields


You had 7 spell levels left.
You didn't know any spells.

Dungeon Overview and Level Annotations

Branches:
Dungeon (4/15)
 Temple: D:4-7

Altars:
Ashenzari
Trog


Innate Abilities, Weirdness & Mutations

You are under a permanent stasis effect.
You can dig through walls and to a lower floor.
Your four strong arms can wield two-handed weapons with a shield.
You have a pair of large antennae on your head. (SInv)


Message History

* * * LOW HITPOINT WARNING * * *
You hit the orc priest.
You kill the orc priest!
You hit the orc wizard. You hit the orc but do no damage.
You hit the orc wizard but do no damage.
The orc wizard hits you with a great mace!
* * * LOW HITPOINT WARNING * * *
The orc hits you.
* * * LOW HITPOINT WARNING * * *
You hit the orc but do no damage. You hit the orc wizard.
The orc barely misses you. The orc wizard barely misses you.
You hit the orc.
The orc is moderately wounded.
You hit the orc wizard. The orc hits you.
* * * LOW HITPOINT WARNING * * *
It was a potion of magic.
Magic courses through your body.
The orc wizard gestures at you while chanting.
The puff of flame hits you!
You die...

.......................
#####..########.......
#..###### #.......
#.......# #.......
#.#####.# #....... #.#
#....... #.# # #.......
#.# ###. ######## #@#
≈≈≈########## #oo≈#
#≈#.)....... ....+
+........... ....≈#
#≈.......... .....≈≈
≈≈#†........ #.......#
#......(.. ##.######
#......... #.
#.........
#######.........


You could see an orc wizard (invisible) and an orc.

Vanquished Creatures
  Grinder (D:3)
  Sigmund (D:4)
  A phantom (D:4)
  5 orc priests
  2 orc wizards (D:4)
  Terence (D:3)
  Ijyb (D:3)
  A worker ant (D:3)
  Robin (D:4)
  A howler monkey skeleton (D:4)
  8 adders
  2 oozes
  2 worms
  3 dart slugs (D:2)
  5 leopard geckos
  18 orcs
  3 giant cockroaches
  6 hobgoblins
  3 jackals (D:3)
  2 quokkas
  A ball python (D:1)
  8 bats
  5 frilled lizards
  12 goblins
  6 kobolds
  8 rats
107 creatures vanquished.

Notes
Turn   | Place    | Note
-------+----------+-------------------------------------------
     0 | D:1      | LORDOFBUTT the Formicid Fighter began the quest for the Orb.
     0 | D:1      | Reached XP level 1. HP: 18/18 MP: 1/1
   192 | D:1      | Reached XP level 2. HP: 22/24 MP: 2/2
   483 | D:1      | Found a shattered altar of Ashenzari.
   498 | D:1      | Reached skill level 3 in Axes
   625 | D:1      | Reached XP level 3. HP: 23/29 MP: 3/3
   902 | D:2      | Found a bloodstained altar of Trog.
  1395 | D:2      | Reached skill level 4 in Axes
  1395 | D:2      | Reached XP level 4. HP: 31/35 MP: 4/4
  1538 | D:3      | Noticed Terence
  1549 | D:3      | Killed Terence
  1549 | D:3      | Reached skill level 5 in Axes
  1549 | D:3      | Reached XP level 5. HP: 10/41 MP: 5/5
  1956 | D:3      | Noticed Grinder
  1993 | D:3      | Killed Grinder
  1993 | D:3      | Reached skill level 6 in Axes
  1993 | D:3      | Reached XP level 6. HP: 11/47 MP: 6/6
  2469 | D:3      | Reached XP level 7. HP: 52/52 MP: 7/7
  2625 | D:3      | Reached skill level 7 in Axes
  2777 | D:3      | Noticed Ijyb
  2802 | D:3      | Killed Ijyb
  2997 | D:4      | Noticed Sigmund
  3060 | D:4      | Killed Sigmund
  3060 | D:4      | Reached skill level 8 in Axes
  3060 | D:4      | Reached XP level 8. HP: 11/58 MP: 8/8
  3267 | D:4      | Noticed Robin
  3304 | D:4      | Killed Robin
  3328 | D:4      | Reached skill level 9 in Axes
  3614 | D:4      | HP: 1/58 [orc (4)]
  3615 | D:4      | Killed from afar by an orc wizard

Skill      XL: |  1  2  3  4  5  6  7  8 |
---------------+-------------------------+-----
Axes           | 3 4 5 6 8 9 |  9.3
Fighting       | |  3.2
Armour         | |  3.2
Shields        | |  3.6

Action                   |  1- 3 |  4- 6 |  7- 9 || total
-------------------------+-------+-------+-------++-------
Melee: War axe           |    22 |       |       ||    22
       Hand axe          |    92 |   103 |   240 ||   435
  Use: Scroll            |     3 |     1 |     2 ||     6
       Potion            |       |     1 |     8 ||     9
  Eat: Chunk             |     2 |       |     2 ||     4
       Bread ration      |       |     1 |     1 ||     2
Armor: Scale mail        |    46 |    53 |    70 ||   169
       Skin              |       |       |    63 ||    63
Dodge: Dodged            |    18 |    24 |    61 ||   103
Block: Shield            |    60 |    53 |   108 ||   221
